AoeStats
← IamTheCrew

Arabia

509193138Analyzed
1v1 RM · 6d ago on Sep 25, 2026· 35m 0s· 2 players
Game mode
Random Map
Map size
Tiny (2 player)
Population
200
Speed
Normal
Resources
Standard
Victory
Conquest
Starting age
Dark Age
Ending age
Imperial Age
RankedLock teamsTeams togetherTeam positionsShared explorationLock speedFull tech treeHidden civsTurbo modeCheats
Victory
Defeat
🇦🇺 Byzantines · Australia
664
+13
🇲🇽 Aztecs · Mexico
600
-13
Odium
11:26 Feudal Age
10:30 Loom
12:39 Double-Bit Axe
18:54 Castle Age
18:22 Gold Mining
23:34 Gold Shaft Mining
26:10 Redemption
26:17 Elite Skirmisher
28:09 Stone Mining
28:03 Horse Collar
28:59 Wheelbarrow
28:59 Padded Archer Armor
28:49 Fletching
IamTheCrew
10:44 Feudal Age
9:00 Loom
15:21 Horse Collar
18:47 Castle Age
20:22 Scale Mail Armor
20:35 Forging
21:56 Town Watch
27:36 Wheelbarrow
Connection lost

Rejoining the realm…

Still unreachable

The connection could not be restored.

Session expired

The server has moved on; the page needs a fresh start.